 Dungeon Crawl Stone Soup version 0.28-a0-461-g2dc4ca5097 (webtiles) character file.

Game seed: 17077466540035996243

84 Xathitun the Shield-Bearer (level 4, -4/44 HPs)
             Began as a Troll Fighter on Sept 13, 2021.
             Splashed by a jelly's acid (8 damage)
             ... on level 4 of the Dungeon.
             The game lasted 00:13:57 (2103 turns).

Xathitun the Shield-Bearer (Troll Fighter)          Turns: 2103, Time: 00:13:58

Health: -4/44      AC: -4    Str: 25    XL:     4   Next: 24%
Magic:  3/3        EV:  8    Int:  4    God:
Gold:   37         SH:  7    Dex:  9    Spells: 3/3 levels left

rFire   . . .      SeeInvis .   k - +0 whip
rCold   . . .      Faith    .   b - +0 kite shield
rNeg    . . .      Spirit   .   a - +0 robe
rPois   .          Reflect  .   (helmet restricted)
rElec   .          Harm     .   (no cloak)
rCorr   .          Rampage  .   (gloves unavailable)
Will    .....                   (boots unavailable)
Stlth   +.........              (no amulet)
HPRegen 1.14/turn               (no ring)
MPRegen 0.08/turn               (no ring)

@: corroded
A: large, unfitting armour, claws 3, regeneration 1, shaggy fur 1, tough skin 1
a: no special abilities


You were on level 4 of the Dungeon.
You visited 1 branch of the dungeon, and saw 4 of its levels.

You collected 37 gold pieces.

Inventory:

Hand Weapons
 f - a +0 dagger
 g - a +0 dagger
 j - a +0 quarterstaff
 k - a +0 whip (weapon)
Missiles
 e - 7 bolts
 l - 64 stones (quivered)
 r - 2 boomerangs
 t - 11 sling bullets
Armour
 a - a +0 robe (worn)
 b - a +0 kite shield (worn)
 m - a +0 scale mail
 o - a +0 helmet
 s - a +0 pair of gloves
 v - a +0 robe
 w - a +0 helmet
Scrolls
 n - a scroll of noise
 u - 4 scrolls of identify
Potions
 c - a potion of might
 d - a potion of ambrosia
 h - 2 potions of degeneration {unknown}
 i - a potion of curing {unknown}
 p - a potion of heal wounds {unknown}
 q - a potion of flight {unknown}
 x - a potion of haste {unknown}
 z - a potion of resistance {unknown}


   Skills:
 + Level 2.8 Fighting
 + Level 0.7 Short Blades
 + Level 1.1 Maces & Flails
 + Level 2.9 Dodging
 + Level 0.1 Stealth
 + Level 2.9 Shields
 + Level 2.1 Unarmed Combat


You had 3 spell levels left.
You didn't know any spells.
Your spell library was empty.

Dungeon Overview and Level Annotations

Branches:
Dungeon (4/15)
 Temple: D:4-7

Altars:


Innate Abilities, Weirdness & Mutations

You are too large for most types of armour.
You have claws for hands.
Your natural rate of healing is unusually fast.
You are covered in fur. (AC +1)
You have tough skin. (AC +1)


Message History

The giant cockroach is almost dead.
The giant cockroach bites you. The kobold barely misses you.
You block the giant cockroach's attack.
You hit the giant cockroach.
You kill the giant cockroach!
The kobold barely misses you. x2
You closely miss the kobold. You block the kobold's attack.
You barely miss the kobold. You block the kobold's attack. The jelly hits you.
You are splashed with acid.
You barely miss the jelly. The kobold hits you with a +0 whip.
The jelly hits you but does no damage.
You hit the jelly.
Your claws burn!
The jelly is moderately wounded.
The kobold hits you but does no damage. You block the jelly's attack.
The kobold hits you with a +0 whip.
You hit the jelly. The acid corrodes you!
Your claws burn!
The jelly is moderately wounded.
The jelly completely misses you. The kobold hits you with a +0 whip.
You are too injured to fight recklessly!
You are too injured to fight recklessly!
You are too injured to fight recklessly!
You are too injured to fight recklessly!
You are too injured to fight recklessly!
You are too injured to fight recklessly!
You are too injured to fight recklessly!
You closely miss the kobold. The jelly hits you.
You are splashed with acid!
* * * LOW HITPOINT WARNING * * *
The kobold hits you with a +0 whip.
* * * LOW HITPOINT WARNING * * *
You block the jelly's attack.
You miss the kobold. The kobold hits you with a +0 whip.
* * * LOW HITPOINT WARNING * * *
The jelly closely misses you. The kobold hits you with a +0 whip.
* * * LOW HITPOINT WARNING * * *
Unknown command.
You block the jelly's attack. The jelly hits you.
* * * LOW HITPOINT WARNING * * *
The acid corrodes you!
You are splashed with acid!
You die...

..............###
.................
.................
.........).......
#..............##
#.#............# ..
##.............# ..#
...(....J....!# ##..#
.......@K$...###....##
....[........##..# ..#
#................# ..
#......>......#.# .####
##..............###....#
#............#....##..#
#...##...#####.#(......
##.# ###.# ###...#... ..
#.# ##.## ..


You could see a jelly and a kobold.

Vanquished Creatures
  Robin (D:3)
  An adder (D:2)
  A worm (D:3)
  4 ball pythons
  5 endoplasms
  3 giant cockroaches
  10 goblins
  10 hobgoblins
  2 jackals (D:1)
  3 kobolds
  3 quokkas
  3 bats (D:3)
  3 frilled lizards
  4 rats
53 creatures vanquished.

Notes
Turn   | Place    | Note
-------+----------+-------------------------------------------
     0 | D:1      | Xathitun the Troll Fighter began the quest for the Orb.
     0 | D:1      | Reached XP level 1. HP: 22/22 MP: 0/0
   304 | D:1      | Reached XP level 2. HP: 29/29 MP: 1/1
   470 | D:1      | Found a faded altar of an unknown god.
  1087 | D:2      | Reached XP level 3. HP: 36/36 MP: 2/2
  1802 | D:3      | Noticed Robin
  1831 | D:3      | Killed Robin
  1832 | D:3      | Reached XP level 4. HP: 38/44 MP: 3/3
  1979 | D:3      | Reached skill level 1 in Maces & Flails
  2099 | D:4      | HP: 2/44 [kobold (5)]
  2103 | D:4      | Splashed by a jelly's acid

Illustrated notes

Levels and vault maps discovered:
D:1:      amcnicky_arrival_underground_garden, layout_basic,
          shapermc_ecumenical_altar_totnotflames, grunt_decor_fettered,
          serial_bayou_pond_d
D:2:      layout_basic, corexii_leaking_fountain
D:3:      layout_loops_cross, ebering_ghost_reflecting_pool, uniq_natasha,
          uniq_robin
D:4:      layout_cave_pools, led_sif_pool, nicolae_ossuary_entry_ruins

Skill      XL: |  1  2  3  4 |
---------------+-------------+-----
Maces & Flails | 1 |  1.1
Fighting       | |  2.8
Short Blades   | |  0.7
Dodging        | |  2.9
Stealth        | |  0.1
Shields        | |  2.9
Unarmed Combat | |  2.1

Action                   |  1- 3 |  4- 6 || total
-------------------------+-------+-------++-------
Melee: Unarmed           |    15 |       ||    15
       Dagger            |    66 |       ||    66
       Whip              |   106 |    69 ||   175
  Use: Scroll            |     3 |     1 ||     4
 Stab: Sleeping          |     1 |       ||     1
Armor: Robe              |    79 |    33 ||   112
Dodge: Dodged            |    87 |    32 ||   119
Block: Kite shield       |    91 |    47 ||   138

Table legend: (Time is in decaauts)
 A = Elapsed time spent in this place.
 B = Non-inter-level travel time spent in this place.
 C = Inter-level travel time spent in this place.
 D = Time resting spent in this place.
 E = Time spent auto-exploring this place.
 F = Levels seen in this place.
 G = Mean time per level.
                   A        B        C        D        E       F      G
               +--------+--------+--------+--------+--------+-----+--------+
         Total |   2169 |   2088 |     81 |      0 |   1032 |   4 |  542.2 |
       Dungeon |   2169 |   2088 |     81 |      0 |   1032 |   4 |  542.2 |
               +--------+--------+--------+--------+--------+-----+--------+

Top non-repeatable levels by time:
     D:1: 943 daAuts
     D:2: 809 daAuts
     D:3: 368 daAuts
     D:4: 48 daAuts
